 Dungeon Crawl Stone Soup version 0.20-a0-842-g939b552 (webtiles) character file.

319 Laan the Conjurer (level 6, -3/36 HPs)
             Began as an Octopode Fire Elementalist on Mar 8, 2017.
             Slain by a wraith (11 damage)
             ... in an ossuary on Mar 9, 2017.
             The game lasted 00:09:58 (4916 turns).

Laan the Conjurer (Octopode Fire Elementalist)      Turns: 4916, Time: 00:09:59

Health: -3/36      AC:  2    Str:  8    XL:     6   Next: 45%
Magic:  9/11       EV: 13    Int: 19    God:
Gold:   217        SH:  0    Dex: 12    Spells: 4/12 levels left

rFire    . . .     SeeInvis .   i - +0 spear (venom)
rCold    . . .     Gourm    .   (no shield)
rNeg     . . .     Faith    .   (helmet restricted)
rPois    .         Spirit   .   (no amulet)
rElec    .         Reflect  .   c - +1 ring of protection
rCorr    .         Harm     .   (no ring)
MR       .....                  (no ring)
Stlth    +++.......             (no ring)
Regen    0.2/turn               (no ring)
MPRegen  0.2/turn               (no ring)
                                (no ring)
                                (no ring)

@: slowed, very slow
A: almost no armour, stealthy swim, amphibious, 8 rings, constrict 8, camouflage
1, gelatinous body 1
a: no special abilities


You were in an ossuary.
You were hungry.

You visited 1 branch of the dungeon, and saw 4 of its levels.
You also visited: Ossuary.

You collected 217 gold pieces.

Inventory:

Hand Weapons
 i - a +0 spear of venom (weapon)
Missiles
 g - 6 javelins (quivered)
Armour
 q - a +0 cloak
Jewellery
 c - a +1 ring of protection (left tentacle)
Wands
 y - a wand of iceblast (2/15)
Scrolls
 h - 4 scrolls of identify
 m - 4 scrolls of teleportation {unknown}
 n - a scroll of immolation {unknown}
 p - a scroll of blinking {unknown}
 t - 3 scrolls of remove curse {unknown}
 u - a scroll of enchant armour {unknown}
 w - a scroll of amnesia {unknown}
 C - a scroll of random uselessness {unknown}
Potions
 d - a potion of mutation {unknown}
 e - 4 potions of haste {unknown}
 f - 3 potions of cancellation {unknown}
 j - a potion of resistance {unknown}
 o - 3 potions of heal wounds {unknown}
 r - a potion of lignification {unknown}
 s - a potion of flight {unknown}
 x - 2 potions of might {unknown}
 z - 2 potions of curing {unknown}
 A - a potion of invisibility {unknown}
 B - a potion of magic {unknown}
Books
 a - a book of Flames

   Spells                             Type                      Level
   a - Flame Tongue                   Conjuration/Fire             1
   b - Throw Flame                    Conjuration/Fire             2
   c - Conjure Flame                  Conjuration/Fire             3
   d - Inner Flame                    Hexes/Fire                   3
   e - Sticky Flame                   Conjuration/Fire             4
   f - Fireball                       Conjuration/Fire             5
Comestibles
 b - 4 bread rations
 k - a meat ration
 l - a royal jelly
 v - 4 fruits


   Skills:
 - Level 2.0 Dodging
 - Level 2.6 Stealth
 + Level 3.8 Spellcasting
 * Level 5.2 Conjurations
 - Level 3.0 Fire Magic


You had 4 spell levels left.
You knew the following spells:

 Your Spells              Type           Power        Failure   Level  Hunger
a - Flame Tongue          Conj/Fire      ###..        2%          1    None
b - Conjure Flame         Conj/Fire      ###.....     10%         3    ###....
c - Sticky Flame          Conj/Fire      ###.....     28%         4    ####...


Dungeon Overview and Level Annotations

Branches:
Dungeon (4/15)
 Temple: D:4-7

Altars:
Makhleb
Xom


Innate Abilities, Weirdness & Mutations

You cannot wear most types of armour.
You are very stealthy in the water. (Stealth+)
You are amphibious.
You can wear up to eight rings at the same time.
You can use your tentacles to constrict eight enemies at once.
Your skin changes colour to match your surroundings (Stealth+).
Your rubbery body absorbs attacks. (AC +1, EV +1)


Message History

Aiming: Flame Tongue
Press: ? - help, Shift-Dir - straight line, f - wraith
Aim: a wraith (lightly damaged)
The flame tongue hits the wraith.
The wraith is moderately damaged.
The wraith hits you. The wraith drains your vigour!
You feel as though you will be slow longer.
The wraith hits you.
* * * LOW HITPOINT WARNING * * *
The wraith drains your vigour!
You feel as though you will be slow longer.
Casting: Flame Tongue
Confirm with . or Enter, or press ? or * to list all spells.
Aiming: Flame Tongue
Press: ? - help, Shift-Dir - straight line, f/p - wraith
Aim: a wraith (moderately damaged)
The flame tongue hits the wraith.
The wraith appears unharmed.
The wraith is moderately damaged.
The wraith hits you!
You die...

..................
..................
.....#####'#####.
....##.........##
...##...#####...##
..##...##...##...##
..#...##..!..##...#
..+.. #.!??...#...+
..#. ##..?!.##W@.#
..## .##...##...##
...## ..##'##...##
....##.. ......##.
.....#####+#####..
..................
..................
#########'''#####
####...####


You could see a wraith.

Vanquished Creatures
  An iguana (D:4)
  A mummy (Ossuary)
  6 gnolls
  A howler monkey skeleton (D:4)
  10 adders
  An ooze (D:2)
  2 worms (D:2)
  2 dart slugs
  2 leopard geckos (D:1)
  5 orcs (D:4)
  11 bats
  4 giant cockroaches
  12 goblins
  5 hobgoblins
  7 jackals (D:3)
  A quokka (D:4)
  A ball python (D:3)
  3 frilled lizards
  4 gnoll skeletons (Ossuary)
  12 kobolds
  5 kobold skeletons (Ossuary)
  8 orc skeletons (Ossuary)
  9 rats
113 creatures vanquished.

Notes
Turn   | Place    | Note
-------+----------+-------------------------------------------
     0 | D:1      | Laan the Octopode Fire Elementalist began the quest for the Orb.
     0 | D:1      | Reached XP level 1. HP: 11/11 MP: 3/3
   191 | D:1      | Reached XP level 2. HP: 17/17 MP: 3/5
   323 | D:1      | Reached skill level 2 in Conjurations
   773 | D:1      | Reached XP level 3. HP: 14/21 MP: 6/6
  1607 | D:1      | Reached skill level 3 in Conjurations
  1607 | D:1      | Reached XP level 4. HP: 20/27 MP: 8/8
  1705 | D:2      | Found a faded altar of an unknown god.
  1962 | D:2      | Found a shimmering altar of Xom.
  1967 | D:2      | Learned a level 3 spell: Conjure Flame
  1972 | D:2      | Learned a level 4 spell: Sticky Flame
  1978 | D:2      | Found a shimmering altar of Xom.
  1978 | D:2      | Found a shimmering altar of Xom.
  1979 | D:2      | Found a shimmering altar of Xom.
  1979 | D:2      | Found a shimmering altar of Xom.
  2377 | D:2      | Reached XP level 5. HP: 26/31 MP: 4/9
  2493 | D:2      | Reached skill level 4 in Conjurations
  3302 | D:3      | HP: 1/31 [gnoll (8)]
  3634 | D:3      | Reached XP level 6. HP: 34/36 MP: 6/11
  3917 | D:3      | Found a burning altar of Makhleb.
  4134 | D:4      | Reached skill level 5 in Conjurations
  4373 | D:4      | Found a sand-covered staircase.
  4382 | Ossuary  | Entered an ossuary
  4382 | Ossuary  | Noticed a wraith
  4382 | Ossuary  | Noticed a wraith
  4382 | Ossuary  | Noticed a wraith
  4800 | Ossuary  | Upgraded the game from 0.20-a0-837-g0f21a4d to 0.20-a0-842-g939b552
  4903 | Ossuary  | Noticed a wraith
  4916 | Ossuary  | Slain by a wraith

Vault maps used:
D:1:      lemuel_arrival_cross, minmay_split_cup_small
D:2:      chequers_ecumenical_altar_simple_redux, serial_co_window_serial,
          co_window_corner_a, co_window_of_opportunity_a,
          co_window_of_opportunity_a, co_window_paths_a, co_window_cross_1,
          co_window_broadway_b, co_window_corner_b, co_window_corner_b,
          co_window_broadway_c, co_window_paths_d, glass_columns_a, first_bread,
          xom_redecorated
D:3:      overflow_temple_1_default
D:4:      overflow_temple_1_default, chequers_ossuary_entry_cave,
          hangedman_decor_growths
Ossuary:  ossuary_due_mausoleum

Skill      XL: |  1  2  3  4  5  6 |
---------------+-------------------+-----
Conjurations   | 2 3 4 5 |  5.2
Spellcasting   | 3 |  3.8
Dodging        | |  2.0
Stealth        | |  2.6
Fire Magic     | |  3.0

Action                   |  1- 3 |  4- 6 || total
-------------------------+-------+-------++-------
Melee: Spear             |    51 |   176 ||   227
       Tentacles         |     4 |    25 ||    29
       Constrict         |     8 |    39 ||    47
Throw: Javelin           |     1 |     7 ||     8
 Cast: Flame Tongue      |    21 |    38 ||    59
  Use: Scroll            |     1 |     1 ||     2
 Stab: Sleeping          |     6 |    12 ||    18
       Distracted        |       |     2 ||     2
  Eat: Chunk             |     1 |    11 ||    12
Armor: Skin              |     6 |    13 ||    19
Dodge: Dodged            |    31 |    80 ||   111
